 Dungeon Crawl Stone Soup version 0.28-a0-1567-g1695149f81 (webtiles) character file.

Game seed: 16590781967923580544

2391 olmar the Protected (level 9, -2/81 HPs)
             Began as a Deep Dwarf Fighter on Jan 19, 2022.
             Slain by a two-headed ogre (26 damage)
             ... on level 6 of the Dungeon.
             The game lasted 00:09:54 (3763 turns).

olmar the Protected (Deep Dwarf Fighter)            Turns: 3763, Time: 00:09:55

Health: -2/81      AC: 11    Str: 24    XL:     9   Next: 22%
Magic:  8/8        EV:  9    Int:  4    God:
Gold:   237        SH:  9    Dex: 22    Spells: 8/8 levels left

rFire   . . .      SeeInvis .   o - +6 mace of Bosous {vorpal, rC+ Int-5 Dex+4 Stlth+}
rCold   + + .      Faith    .   y - +2 buckler {rC+}
rNeg    . . .      Spirit   .   b - +0 scale mail
rPois   .          Reflect  .   (no helmet)
rElec   .          Harm     .   v - +0 cloak
rCorr   .          Rampage  .   d - +0 pair of gloves
Will    +....                   (no boots)
Stlth   +.........              (no amulet)
HPRegen 0.00/turn               q - +6 ring of dexterity
MPRegen 0.11/turn               (no ring)

@: no status effects
A: damage resistance, heal wounds, sense surroundings 2, no regeneration
a: Heal Wounds


You were on level 6 of the Dungeon.
You visited 1 branch of the dungeon, and saw 6 of its levels.

You collected 237 gold pieces.

Inventory:

Hand Weapons
 a - a +0 war axe
 o - the +6 mace of Bosous (weapon) {vorpal, rC+ Int-5 Dex+4 Stlth+}
   (You found it on level 5 of the Dungeon)

   It inflicts extra damage upon your enemies.
   Int:       It affects your intelligence (-5).
   Dex:       It affects your dexterity (+4).
   rC:        It protects you from cold.
   Stlth:     It makes you more stealthy.
 s - a +1 vorpal broad axe
Missiles
 h - 2 throwing nets
Armour
 b - a +0 scale mail (worn)
 c - a +1 buckler
 d - a +0 pair of gloves (worn)
 v - a +0 cloak (worn)
 y - a +2 buckler of cold resistance (worn)
Jewellery
 q - a +6 ring of dexterity (left hand)
Scrolls
 g - a scroll of identify
 j - a scroll of teleportation
 k - a scroll of enchant armour
 m - a scroll of fear
 p - a scroll of acquirement {unknown}
 r - a scroll of brand weapon {unknown}
 t - a scroll of blinking {unknown}
 w - 2 scrolls of enchant weapon
Potions
 l - 2 potions of curing
 u - a potion of magic
 x - a potion of heal wounds


   Skills:
 + Level 5.6 Fighting
 + Level 7.2(7.6) Axes
 + Level 2.8(5.1) Maces & Flails
 + Level 8.3 Armour
 + Level 6.5 Shields


You had 8 spell levels left.
You didn't know any spells.
Your spell library contained the following spells:

 Spells                   Type           Power      Damage    Failure   Level
 Magic Dart               Conj           0%         1d3       83%         1
 Call Imp                 Summ           0%         N/A       93%         2
 Mephitic Cloud           Conj/Pois/Air  0%         N/A       99%         3
 Blade Hands              Tmut           0%         N/A       100%        5
 Irradiate                Conj/Tmut      0%         3d13      100%        5
 Dragon Form              Tmut           0%         N/A       100%        7


Dungeon Overview and Level Annotations

Branches:
Dungeon (6/15)
 Temple: D:4-7

Altars:
Elyvilon
Fedhas
Trog
Uskayaw
Zin
The Shining One


Innate Abilities, Weirdness & Mutations

You are resistant to damage.
You can heal yourself by infusing magical energy.
You passively map the area around you.
You do not regenerate.


Message History

You shout for attention!
You hear a shout! x3
A gnoll comes into view. It is wielding a +0 spear.
A gnoll comes into view. It is wielding a +0 whip.
The gnoll barely misses you.
A gnoll comes into view. It is wielding a +0 whip.
A two-headed ogre comes into view.
It is wielding a +0 giant club and a +0 giant spiked club.
The gnoll hits you with a +0 spear.
A gnoll comes into view. It is wielding a +0 spear.
The gnoll shouts!
You sock the gnoll!
You kill the gnoll!
You aren't carrying any items that you can evoke.
Okay, then.
What are your orders? t - Shout!
Orders for allies: a - Attack new target. r - Retreat! s - Stop attacking. g - Guard the area. f - Follow me.
Anything else - Cancel.
You shout for attention!
Unknown command.
You bludgeon the two-headed ogre!!
The two-headed ogre is moderately wounded.
The two-headed ogre hits you with a +0 giant club!!
The two-headed ogre hits you with a +0 giant spiked club.
The gnoll hits you but does no damage.
Unknown command.
You hit the two-headed ogre.
The two-headed ogre is heavily wounded.
You feel a little less mighty now. The gnoll hits you but does no damage.
The two-headed ogre hits you with a +0 giant club!
You block the two-headed ogre's attack. The gnoll hits you with a +0 whip.
Unknown command.
Unknown command.
You fail to use your ability.
You block the gnoll's attack.
The gnoll hits you from afar with a +0 spear.
* * * LOW HITPOINT WARNING * * *
The two-headed ogre hits you with a +0 giant club!!
You die...

, ,** , , , , * * #..
* ** , * * , , #... ,
,, , , , , *...# * ,
** * * #...### ,, # ##
' ** * ≈ ≈ ≈
#...####.#... ,
*#######.....g...... ,
,,,...........@Og.....
, ............g.#.#..
, , ..............#, *
* , ..............#
*###########.#######*
, ,......†...)..## ,
** ........).†...## *
, ..#...)†#......# * ,
* #.###.#.###..# , *


You could see a two-headed ogre and 3 gnolls.

Vanquished Creatures
  A troll (D:5)
  A water moccasin (D:4)
  2 black bears (D:6)
  A sky beast (D:5)
  4 ogres
  A necrophage (D:5)
  A centaur (D:5)
  2 bullfrogs (D:6)
  3 gnoll sergeants (D:5)
  2 scorpions
  A water moccasin zombie (D:5)
  A killer bee (D:6)
  A howler monkey (D:6)
  A centaur zombie (D:5)
  A gnoll shaman (D:4)
  4 hounds
  An orc priest (D:4)
  2 jellies (D:4)
  4 iguanas
  An orc wizard (D:4)
  A killer bee zombie (D:6)
  A hound zombie (D:5)
  10 gnolls
  10 adders
  A white imp (D:5)
  2 adder skeletons (D:4)
  2 worms
  4 dart slugs
  6 orcs
  7 ball pythons
  6 bats
  11 endoplasms
  3 giant cockroaches
  3 goblins
  6 hobgoblins
  3 jackals (D:1)
  5 kobolds
  3 quokkas
  5 frilled lizards
  6 rats
130 creatures vanquished.

Notes
Turn   | Place    | Note
-------+----------+-------------------------------------------
     0 | D:1      | olmar the Deep Dwarf Fighter began the quest for the Orb.
     0 | D:1      | Reached XP level 1. HP: 20/20 MP: 1/1
    80 | D:1      | Reached XP level 2. HP: 18/27 MP: 2/2
   293 | D:1      | Reached XP level 3. HP: 30/34 MP: 3/3
   306 | D:1      | Found a faded altar of an unknown god.
   884 | D:2      | Reached skill level 4 in Armour
   899 | D:2      | Reached XP level 4. HP: 34/42 MP: 4/4
  2126 | D:4      | Reached XP level 5. HP: 40/49 MP: 5/5
  2232 | D:4      | Found a glowing silver altar of Zin.
  2233 | D:4      | Found a glowing golden altar of the Shining One.
  2233 | D:4      | Found a white marble altar of Elyvilon.
  2266 | D:4      | Noticed an ogre
  2273 | D:4      | Killed an ogre
  2308 | D:4      | Reached skill level 5 in Axes
  2308 | D:4      | Reached XP level 6. HP: 43/56 MP: 6/6
  2312 | D:4      | Found a hide-covered altar of Uskayaw.
  2319 | D:4      | Noticed a +0 spear
  2320 | D:4      | Noticed a +0 short sword
  2320 | D:4      | Noticed a +0 dagger
  2321 | D:4      | Noticed a +0 short sword
  2321 | D:4      | Noticed a +0 dagger
  2321 | D:4      | Noticed a +0 spear
  2322 | D:4      | Noticed a +0 falchion
  2626 | D:4      | Noticed a +0 falchion
  2673 | D:5      | Entered Level 5 of the Dungeon
  2728 | D:4      | Reached XP level 7. HP: 37/63 MP: 7/7
  2745 | D:5      | Identified the +6 mace of Bosous {vorpal, rC+ Int-5 Dex+4
                  | Stlth+}
  2779 | D:4      | Reached skill level 5 in Armour
  3228 | D:5      | Reached XP level 8. HP: 53/73 MP: 7/7
  3287 | D:5      | Noticed a troll
  3288 | D:5      | Reached skill level 6 in Armour
  3288 | D:5      | Reached skill level 5 in Shields
  3317 | D:5      | HP: 3/73 [gnoll (7)]
  3324 | D:5      | Killed a troll
  3327 | D:5      | Reached skill level 7 in Armour
  3344 | D:5      | Reached skill level 5 in Fighting
  3580 | D:5      | Found a bloodstained altar of Trog.
  3582 | D:5      | Found a blossoming altar of Fedhas.
  3718 | D:6      | Reached skill level 1 in Maces & Flails
  3728 | D:6      | Reached skill level 8 in Armour
  3728 | D:6      | Gained mutation: You passively map the area around you.
                  | [Deep Dwarf growth]
  3728 | D:6      | Reached XP level 9. HP: 53/81 MP: 8/8
  3758 | D:6      | Noticed a two-headed ogre
  3763 | D:6      | Slain by a two-headed ogre

Illustrated notes

Levels and vault maps discovered:
D:1:      ebering_trefoil_twist, layout_loops_ring,
          shapermc_ecumenical_altar_mp_urbaneastern
D:2:      layout_loops_cross
D:3:      layout_loops_cross
D:4:      layout_rooms, good_gods_temple_1, nicolae_uskayaw_en_pointe
D:5:      cheibrodos_barr_body, layout_rooms, nicolae_overflow_hidden_temple
D:6:      hangedman_cross_stitches, layout_basic, portal_sewer_entry_d,
          eino_curves_04

Skill      XL: |  1  2  3  4  5  6  7  8  9 |
---------------+----------------------------+-----
Fighting       | 3 4 5 |  5.6
Axes           | 3 4 5 6 7 |  7.2
Armour         | 4 5 8 |  8.3
Shields        | 4 6 |  6.5
Maces & Flails | 1 2 |  2.8

Action                   |  1- 3 |  4- 6 |  7- 9 || total
-------------------------+-------+-------+-------++-------
Melee: War axe           |    92 |    84 |       ||   176
       Broad axe         |       |    52 |     1 ||    53
       Mace              |       |       |   171 ||   171
 Abil: Heal Wounds       |     2 |     6 |    12 ||    20
  Use: Scroll            |     1 |       |     8 ||     9
       Potion            |       |     4 |     1 ||     5
Armor: Scale mail        |    57 |    56 |   129 ||   242
Dodge: Dodged            |    45 |    60 |   108 ||   213
Block: Buckler           |    28 |    46 |   103 ||   177

Table legend: (Time is in decaauts)
 A = Elapsed time spent in this place.
 B = Non-inter-level travel time spent in this place.
 C = Inter-level travel time spent in this place.
 D = Time resting spent in this place.
 E = Time spent auto-exploring this place.
 F = Levels seen in this place.
 G = Mean time per level.
                   A        B        C        D        E       F      G
               +--------+--------+--------+--------+--------+-----+--------+
         Total |   3876 |   3593 |    283 |    226 |   2325 |   6 |  646.0 |
       Dungeon |   3876 |   3593 |    283 |    226 |   2325 |   6 |  646.0 |
               +--------+--------+--------+--------+--------+-----+--------+

Top non-repeatable levels by time:
     D:4: 848 daAuts
     D:3: 745 daAuts
     D:1: 739 daAuts
     D:5: 732 daAuts
     D:2: 681 daAuts
     D:6: 128 daAuts
